 Dungeon Crawl Stone Soup version 0.29-a0-284-gf9362112df (webtiles) character file.

Game seed: 8535950684487192032

196 cojito the Chopper (level 5, 0/44 HPs)
             Began as a Palentonga Berserker on Mar 30, 2022.
             Was a Follower of Trog.
             Slain by a gnoll
             ... wielding a +0 flail
              (9 damage)
             ... on level 3 of the Dungeon.
             The game lasted 00:03:00 (2749 turns).

cojito the Chopper (Palentonga Berserker)           Turns: 2749, Time: 00:03:01

Health: 0/44       AC: 15    Str: 22    XL:     5   Next: 45%
Magic:  5/5        EV:  4    Int:  7    God:    Trog [*.....]
Gold:   107        SH:  0    Dex: 17    Spells: 4/4 levels left

rFire   + . .      SeeInvis +   g - +0 war axe
rCold   + . .      Faith    .   (no shield)
rNeg    + . .      Spirit   .   i - +3 chain mail {Will+}
rPois   +          Reflect  .   (no helmet)
rElec   .          Harm     .   (no cloak)
rCorr   .          Rampage  .   (no gloves)
Will    ++++.                   f - +0 barding of the Boiling Point {Dex+7}
Stlth   ..........              (no amulet)
HPRegen 1.14/turn               h - ring of Puvaske {rPois rF+ rC+ rN+ Will+}
MPRegen 0.09/turn               (no ring)

@: strong-willed, on berserk cooldown, regenerating, slowed, very slow
A: large, rugged brown scales 3, see invisible, deformed body, roll 1, armoured
tail
a: Rolling Charge, Renounce Religion, Berserk


You were on level 3 of the Dungeon.
You worshipped Trog.
Trog was aware of your devotion.
You visited 1 branch of the dungeon, and saw 3 of its levels.

You collected 156 gold pieces.
You spent 49 gold pieces at shops.

Inventory:

Hand Weapons
 g - a +0 war axe (weapon)
Armour
 f - the +0 barding of the Boiling Point (worn) {Dex+7}
   (You acquired it on level 2 of the Dungeon)

   Dex:       It affects your dexterity (+7).
 i - a +3 chain mail of willpower (worn)
Jewellery
 h - the ring of Puvaske (left hand) {rPois rF+ rC+ rN+ Will+}
   (You acquired it on level 2 of the Dungeon)

   [ring of protection from fire]

   rF:        It protects you from fire.
   rC:        It protects you from cold.
   rPois:     It protects you from poison.
   rN:        It protects you from negative energy.
   Will:      It increases your willpower.
Scrolls
 a - 3 scrolls of teleportation {unknown}
 b - a scroll of amnesia {unknown}
 d - a scroll of vulnerability
 e - a scroll of identify
 j - a scroll of enchant weapon {unknown}
 m - a scroll of immolation {unknown}
Potions
 c - 2 potions of attraction
 l - a potion of resistance {unknown}


   Skills:
 * Level 4.0 Fighting
 * Level 5.1 Axes
 + Level 2.0 Armour
 + Level 1.8 Dodging
 + Level 0.2 Stealth


You had 4 spell levels left.
You didn't know any spells.
Your spell library was empty.

Dungeon Overview and Level Annotations

Branches:
Dungeon (3/15)

Altars:

Shops:
D:1 (


Innate Abilities, Weirdness & Mutations

You are completely covered in rugged brown scales. (AC +3, +7% HP)
You have supernaturally acute eyesight. (SInv)
Armour fits poorly on your strangely shaped body.
You can roll at nearby foes to attack.
You have a long armoured tail.


Message History

The gnoll hits you but does no damage. The gnoll hits you with a +0 flail.
* * * LOW HITPOINT WARNING * * *
The goblin hits you but does no damage.
An endoplasm comes into view.
Your Fighting skill increases to level 4!
Your Armour skill increases to level 2!
You are too injured to fight recklessly!
You are too injured to fight recklessly!
Okay, then.
Unknown command.
Okay, then.
It was a potion of curing.
You feel better.
The endoplasm quivers.
The bat barely misses you. The gnoll hits you but does no damage.
The goblin hits you but does no damage. x2
The gnoll hits you but does no damage.
You feel better. The bat hits you but does no damage. x2
The goblin hits you but does no damage. The gnoll hits you with a +0 flail.
* * * LOW HITPOINT WARNING * * *
You hit the gnoll but do no damage.
The gnoll is severely wounded.
You slash the goblin!
You kill the goblin!
Trog accepts your kill.
You can now call upon Trog for regeneration and willpower.
The bat hits you but does no damage. The gnoll hits you with a +0 flail.
* * * LOW HITPOINT WARNING * * *
The gnoll hits you but does no damage.
You fail to use your ability.
The bat hits you but does no damage.
The gnoll hits you but does no damage. x2
The endoplasm hits you but does no damage.
Okay, then.
Unknown command.
Your skin crawls.
You feel strong-willed.
You can no longer call upon Trog for regeneration and willpower.
The bat hits you but does no damage. The endoplasm hits you.
* * * LOW HITPOINT WARNING * * *
The gnoll hits you with a +0 flail!
You die...

#.##...###...##
#.##....#....# .. ..
#.###.......## .##.#
#...#.>.♣.>.## ####....#
.####.......##..........
'#.#..).#....#.#.b.....#
..##...###...##'.......#
..#...:# #....##)?....#
..'.♣.#####.♣.'.@J....+
.##...#...#...#g)..####
.###'##...##'##........
.# #.....##..#.#.....##
.#.#...[.##...........#
.#......................
...................<#.##
..............#.#..##.#
.....#..............


You could see a gnoll, an endoplasm and a bat.

Vanquished Creatures
  An ogre (D:3)
  3 gnolls (D:3)
  3 adders (D:2)
  A dart slug (D:2)
  2 orcs (D:3)
  4 endoplasms
  4 giant cockroaches
  7 goblins
  4 hobgoblins
  2 jackals (D:1)
  A quokka (D:2)
  6 ball pythons
  6 bats
  5 frilled lizards
  3 kobolds
52 creatures vanquished.

Notes
Turn   | Place    | Note
-------+----------+-------------------------------------------
     0 | D:1      | cojito the Palentonga Berserker began the quest for the
                  | Orb.
     0 | D:1      | Reached XP level 1. HP: 19/19 MP: 1/1
   388 | D:1      | Reached XP level 2. HP: 18/25 MP: 2/2
   632 | D:1      | Found a faded altar of an unknown god.
  1176 | D:1      | Found Huretif's Weapon Shop.
  1184 | D:1      | Bought a +0 war axe for 49 gold pieces
  1612 | D:2      | Reached XP level 3. HP: 31/31 MP: 3/3
  1731 | D:2      | Identified 3 scrolls of acquirement
  1731 | D:2      | Acquired the ring of Puvaske {rPois rF+ rC+ rN+ Will+}
  1733 | D:2      | Acquired a +3 chain mail of willpower
  1735 | D:2      | Acquired the +0 barding of the Boiling Point {Dex+7}
  1963 | D:2      | Reached skill level 4 in Axes
  2184 | D:2      | Reached ** piety under Trog
  2363 | D:2      | Reached XP level 4. HP: 38/38 MP: 4/4
  2521 | D:3      | Noticed an ogre
  2528 | D:3      | Killed an ogre
  2529 | D:3      | Reached skill level 5 in Axes
  2529 | D:3      | Reached XP level 5. HP: 44/44 MP: 5/5
  2744 | D:3      | HP: 2/44 [gnoll/+0 flail (5)]
  2749 | D:3      | Slain by a gnoll

Illustrated notes

Levels and vault maps discovered:
D:1:      saegor_arrival_fortress, layout_basic, serial_shops,
          nicolae_square_shop, nicolae_ecumenical_snake_handling,
          dk_noncrumbling_4
D:2:      layout_loops_ring, minmay_misc_feat_tiny, kennysheep_generic_room_7
D:3:      layout_basic, grunt_ministairs_13, minivault_24,
          kennysheep_generic_room_4

Skill      XL: |  1  2  3  4  5 |
---------------+----------------+-----
Axes           | 4 5 |  5.1
Fighting       | 4 |  4.0
Armour         | 2 |  2.0
Dodging        | |  1.8
Stealth        | |  0.2

Action                   |  1- 3 |  4- 6 || total
-------------------------+-------+-------++-------
Melee: Hand axe          |    36 |       ||    36
       Tailslap          |    10 |     3 ||    13
       Punch             |     1 |       ||     1
       War axe           |    64 |    20 ||    84
Invok: Berserk           |     2 |     2 ||     4
       Trog's Hand       |       |     1 ||     1
  Use: Scroll            |     5 |       ||     5
       Potion            |       |     2 ||     2
Armor: Animal skin       |    40 |       ||    40
       Chain mail        |    27 |    43 ||    70
Dodge: Dodged            |    37 |    11 ||    48

Table legend: (Time is in decaauts)
 A = Elapsed time spent in this place.
 B = Non-inter-level travel time spent in this place.
 C = Inter-level travel time spent in this place.
 D = Time resting spent in this place.
 E = Time spent auto-exploring this place.
 F = Levels seen in this place.
 G = Mean time per level.
                   A        B        C        D        E       F      G
               +--------+--------+--------+--------+--------+-----+--------+
         Total |   2810 |   2751 |     59 |    141 |   2229 |   3 |  936.7 |
       Dungeon |   2810 |   2751 |     59 |    141 |   2229 |   3 |  936.7 |
               +--------+--------+--------+--------+--------+-----+--------+

Top non-repeatable levels by time:
     D:1: 1478 daAuts
     D:2: 990 daAuts
     D:3: 341 daAuts
